 Dungeon Crawl Stone Soup version 0.23-a0-395-gcf17ac6 (webtiles) character file.

51 Azzok the Firebug (level 3, 0/24 HPs)
             Began as a Demonspawn Fire Elementalist on Nov 1, 2018.
             Slain by an adder (5 damage)
             ... on level 2 of the Dungeon.
             The game lasted 00:02:30 (1361 turns).

Azzok the Firebug (Demonspawn Fire Elementalist)    Turns: 1361, Time: 00:02:31

Health: 0/24       AC:  5    Str:  8    XL:     3   Next: 57%
Magic:  0/6        EV: 12    Int: 17    God:
Gold:   164        SH:  0    Dex: 13    Spells: 5/6 levels left

rFire    . . .     SeeInvis .   e - +0 dagger
rCold    . . .     Gourm    .   (no shield)
rNeg     . . .     Faith    .   a - +0 robe
rPois    .         Spirit   .   (no helmet)
rElec    .         Reflect  .   (no cloak)
rCorr    .         Harm     .   g - +0 pair of gloves
MR       .....                  (no boots)
Stlth    ++........             (no amulet)
HPRegen  0.08/turn              f - ring of wizardry
MPRegen  0.10/turn              (no ring)

@: no status effects
A: icy blue scales 1
a: no special abilities


You were on level 2 of the Dungeon.
You were not hungry.

You visited 1 branch of the dungeon, and saw 2 of its levels.

You collected 164 gold pieces.

Inventory:

Hand Weapons
 e - a +0 dagger (weapon)
Armour
 a - a +0 robe (worn)
 g - a +0 pair of gloves (worn)
Jewellery
 f - a ring of wizardry (left hand)
Scrolls
 h - 2 scrolls of identify {unknown}
 k - a scroll of fog {unknown}
 m - a scroll of fear {unknown}
 p - a scroll of noise {unknown}
Potions
 d - 2 potions of curing {unknown}
 i - a potion of might {unknown}
 j - a potion of flight {unknown}
 l - a potion of heal wounds {unknown}
 n - a potion of ambrosia {unknown}
 o - a potion of degeneration {unknown}
 q - a potion of magic {unknown}
Comestibles
 b - 2 chunks of flesh
 c - 4 rations


   Skills:
 - Level 1.7 Dodging
 - Level 1.7 Stealth
 - Level 2.0 Spellcasting
 + Level 2.5 Conjurations
 + Level 3.5 Fire Magic


You had 5 spell levels left.
You knew the following spells:

 Your Spells              Type           Power        Failure   Level  Hunger
a - Flame Tongue          Conj/Fire      ##...        2%          1    #......

Your spell library contained the following spells:

 Spells                   Type           Power        Failure   Level  Hunger
 Throw Flame              Conj/Fire      ##....       3%          2    ###....
 Conjure Flame            Conj/Fire      ##......     7%          3    ###....
 Inner Flame              Hex/Fire       #.......     12%         3    ###....
 Sticky Flame             Conj/Fire      ##......     22%         4    #####..
 Fireball                 Conj/Fire      ##........   50%         5    ######.


Dungeon Overview and Level Annotations

Branches:
Dungeon (2/15)

Altars:

Annotations:
D:2 Robin


Innate Abilities, Weirdness & Mutations

You are partially covered in icy blue scales. (AC +2)


Message History

Robin roars a battlecry!
The goblins go into a battle-frenzy!
The hobgoblin hits you.
* * * LOW HITPOINT WARNING * * *
The hobgoblin barely misses you.
There is an open door here.
The hobgoblin no longer looks unusually strong.
Robin roars a battlecry!
Robin throws the goblin at you! The goblin hits you but does no damage.
The adder bites you but does no damage.
Casting: Flame Tongue (safe; 2% risk of failure)
Confirm with . or Enter, or press ? or * to list all spells.
Aiming: Flame Tongue (safe; 2% risk of failure)
Press: ? - help, Shift-Dir - straight line, f - adder, p - hobgoblin
Aim: an adder The flame tongue misses the adder.
The flame tongue hits the goblin.
You kill the goblin!
* * * LOW MAGIC WARNING * * *
The goblin hits you but does no damage. The adder bites you.
You die...

▒▒▒ ▒······▒ ▒·▒
··▒▒▒▒▒▒▒▒▒▒▒▒▒▒▒▒······▒▒▒▒▒▒▒·▒
··╬·····)···············'······>·
··▒▒········▒▒··········▒▒▒▒▒▒···
··▒▒······g·▒▒······)···▒▒······▒
··▒▒········▒▒··········▒▒······[
··▒▒········▒▒····▒▒·(··▒▒······▒
··▒▒········▒▒····▒▒g···▒▒·······
>·)·············@S)gg···▒▒······▒
··▒·········▒▒·g··▒▒···(·▒······▒
··▒·)·[·····▒▒····▒▒▒▒▒▒·▒·····g▒
··▒·········▒▒····▒ ▒·▒▒▒▒▒▒)▒
··▒·········▒▒····▒▒▒▒▒▒·÷▒▒▒▒▒·▒
·····(······▒▒····▒·······)··÷g··
··▒▒········▒▒····▒·····)········
▒▒▒▒········ ▒▒▒▒▒▒··············
······· ▒··············


You could see an adder, 3 hobgoblins and a goblin.

Vanquished Creatures
  2 worms (D:2)
  A dart slug (D:2)
  4 giant cockroaches (D:1)
  10 goblins
  7 hobgoblins
  A jackal (D:1)
  A ball python (D:1)
  5 bats
  2 frilled lizards (D:2)
  2 kobolds
  2 rats
37 creatures vanquished.

Notes
Turn   | Place    | Note
-------+----------+-------------------------------------------
     0 | D:1      | Azzok the Demonspawn Fire Elementalist began the quest for
                  | the Orb.
     0 | D:1      | Reached XP level 1. HP: 13/13 MP: 3/3
   219 | D:1      | Reached skill level 3 in Fire Magic
   318 | D:1      | Gained mutation: You are partially covered in icy blue
                  | scales. (AC +2) [demonic ancestry]
   318 | D:1      | Reached XP level 2. HP: 17/19 MP: 1/5
  1055 | D:2      | Reached XP level 3. HP: 24/24 MP: 3/6
  1216 | D:2      | Noticed Robin
  1361 | D:2      | Slain by an adder

Vault maps used:
D:1:      nagdon_arrival_double_spiral, minmay_small_reverse_x
D:2:      first_ration, roderic_malta_cross, xom_teletrap_fun, uniq_robin,
          uniq_jessica

Skill      XL: |  1  2 |
---------------+-------+-----
Fire Magic     | 3 |  3.5
Conjurations   | 2 |  2.5
Dodging        | |  1.7
Stealth        | |  1.7
Spellcasting   | |  2.0

Action                   || total
-------------------------++-------
Melee: Dagger            ||    25
 Cast: Flame Tongue      ||    68
  Eat: Chunk             ||     2
Armor: Robe              ||    26
Dodge: Dodged            ||    37

Table legend:
 A = Non-vault XP
 B = Vault XP
 C = Vault XP percentage of total XP
 D = Non-vault monster count
 E = Vault monster count
 F = Vault count percentage of total count
                 A         B        C        D         E       F
            +---------+---------+-------+---------+---------+-------
      Total |      49 |      24 |  32.9 |      25 |      12 |  32.4
            +---------+---------+-------+---------+---------+-------
        D:1 |      19 |       8 |  29.6 |      12 |       4 |  25.0
        D:2 |      30 |      16 |  34.8 |      13 |       8 |  38.1
            +---------+---------+-------+---------+---------+-------
